 Dungeon Crawl Stone Soup version 0.31.0-32-g396128a36d (webtiles) character file.

Game seed: 2770992602979894154

6720 Hottabushka the Fighter (level 10, -2/91 HPs)
             Began as a Minotaur Berserker on Apr 7, 2024.
             Was an Elder of Trog.
             Slain by a wolf (6 damage)
             ... on level 10 of the Dungeon.
             The game lasted 00:35:42 (8471 turns).

Hottabushka the Fighter (Minotaur Berserker)        Turns: 8471, Time: 00:35:42

Health: -2/91      AC: 22    Str: 32    XL:     10   Next: 74%
Magic:  9/9        EV: 12    Int:  4    God:    Trog [****..]
Gold:   138        SH:  0    Dex: 10    Spells: 9/9 levels left

rFire   . . .        I - +6 flail of the Battered Beasts {protect, Fly rN+ Will- Str+4}
rCold   . . .        (no shield)
rNeg    + . .        e - +0 chain mail
rPois   +            (helmet restricted)
rElec   .            u - +1 cloak "Xafyrphue" {+Inv rPois rCorr Str+2}
rCorr   +            (no gloves)
SInv    .            p - +0 pair of boots
Will    .....        (no amulet) Stlth
                     d - ring of willpower
HPRegen 0.35/turn    f - +4 ring of slaying
MPRegen 0.11/turn

%: no passive effects
@: under a protective aura, on berserk cooldown, flying
A: horns 2, retaliatory headbutt
a: Renounce Religion, Evoke Invisibility, Berserk, Trog's Hand, Brothers in Arms


You were on level 10 of the Dungeon.
You worshipped Trog.
Trog was greatly pleased with you.
You visited 1 branch of the dungeon, and saw 10 of its levels.
You also visited: Bailey.

You collected 413 gold pieces.
You spent 275 gold pieces at shops.

Inventory:

Hand Weapons
 i - a +4 scythe of protection
 m - a +6 club
 I - the +6 flail of the Battered Beasts (weapon) {protect, Fly rN+ Will- Str+4}
   (You found it on level 9 of the Dungeon)

   Str+4:     It affects your strength (+4).
   rN+:       It protects you from negative energy.
   Will-:     It decreases your willpower.
   Fly:       It grants you flight.
Missiles
 r - 7 throwing nets
Armour
 e - a +0 chain mail (worn)
 p - a +0 pair of boots (worn)
 u - the +1 cloak "Xafyrphue" (worn) {+Inv rPois rCorr Str+2}
   (You bought it in a shop on level 5 of the Dungeon)

   Str+2:     It affects your strength (+2).
   rPois:     It protects you from poison +Inv: It lets you turn invisible.
   rCorr:     It protects you from acid and corrosion.
Jewellery
 a - a +4 ring of slaying
 d - a ring of willpower (left hand)
 f - a +4 ring of slaying (right hand)
 y - a ring of ice
 D - a +6 ring of dexterity
Talismans
 w - a blade talisman
Wands
 l - a wand of light (12)
 v - a wand of iceblast (18) (quivered)
 x - a wand of charming (10)
 A - a wand of polymorph (6)
Scrolls
 g - 3 scrolls of noise
 j - 3 scrolls of revelation
 n - 3 scrolls of teleportation {unknown}
 z - a scroll of identify
 B - 2 scrolls of silence {unknown}
 E - a scroll of fog {unknown}
 F - a scroll of enchant weapon {unknown}
 G - a scroll of enchant armour {unknown}
Potions
 b - 2 potions of might {unknown}
 c - 2 potions of heal wounds
 h - 3 potions of haste
 k - 7 potions of curing
 o - 2 potions of cancellation
 q - a potion of brilliance {unknown}
 s - a potion of berserk rage {unknown}
 t - 2 potions of degeneration {unknown}
 C - a potion of invisibility {unknown}
 H - a potion of magic {unknown}
 J - a potion of mutation {unknown}


   Skills:
 + Level 9.3 Fighting
 + Level 9.1 Maces & Flails
 - Level 1.4 Polearms
 + Level 8.9 Armour
 + Level 8.0 Dodging
 + Level 6.9 Shields
 + Level 5.4 Evocations


You had 9 spell levels left.
You didn't know any spells.
Your spell library was empty.

Dungeon Overview and Level Annotations

Branches:
Dungeon (10/15)            Temple (0/1) D:6             Orc (0/2) D:10
 Bailey (visited)
   Lair: D:8-11

Altars:
Qazlal
Vehumet
The Shining One

Shops:
D:4 :   D:5 *


Innate Abilities, Weirdness & Mutations

You have a pair of horns on your head.
You reflexively headbutt those who attack you in melee.


Message History

The howler monkey hoots and howls with incredible vigour!
You hear a howl!
You hear a bark! x2
The wolf bites you but does no damage. The wolf bites you but does no damage.
The howler monkey hoots and howls with incredible vigour!
A yak comes into view. x2
You hear a bark!
You hear a bellow!
The wolf barely misses you.
The howler monkey hoots and howls with incredible vigour!
The wolf closely misses you. The wolf bites you.
* * * LOW HITPOINT WARNING * * *
The yak gores you!
* * * LOW HITPOINT WARNING * * *
You hear a howl!
You hear a bark!
Okay, then.
Okay, then.
A wolf comes into view.
Found 4 gold pieces.
The wolf howls!
The yak gores you but does no damage. The wolf bites you but does no damage.
The wolf attacks as it pursues you! The wolf bites you but does no damage.
The wolf attacks as it pursues you! The wolf barely misses you.
The wolf attacks as it pursues you! The wolf bites you but does no damage.
The wolf bites you.
* * * LOW HITPOINT WARNING * * *
The wolf bites you but does no damage.
The wolf stops to sniff the ground.
A wolf comes into view.
The wolf bites you.
* * * LOW HITPOINT WARNING * * *
You bludgeon the yak!!
Your weapon exudes an aura of protection.
The yak is heavily wounded.
The wolf bites you but does no damage. x2; The yak gores you!
* * * LOW HITPOINT WARNING * * *
The yak gores you but does no damage.
You sock the yak!
The yak is severely wounded.
The wolf bites you.
You die...

##### #...#
....~≈≈~$~~≈~≈..# #.8.#
#..~h≈≈~.~.~≈~~.#
#...#.#...~~~~.~.~~...#
'#.##.#.....~~.≈.~....#
##.##.................#
##.##..........h......##
##.##.........ohYY......
'#.##......oo.Yh@.......
#oo.#........oo#########
#.8.#........h.#
#))......o.....#
##.##..........#
)).)...........#
)).............#
)).............#
...)...........#


You could see 3 yaks, an orc warrior, 4 wolves, a howler monkey and 5 orcs.

Vanquished Creatures
  Harold (D:9)
  An ogre mage (D:10)
  2 two-headed ogres (D:10)
  A komodo dragon (D:7)
  Prince Ribbit (D:7)
  Sigmund (D:2)
  A shadow (D:9)
  2 steam dragons
  2 wyverns (D:9)
  2 black bears
  An ice beast (D:5)
  An orc warrior (D:5)
  2 sky beasts (D:7)
  3 ogres
  2 centaurs
  A kobold brigand (D:7)
  4 bullfrogs (D:8)
  3 gnoll sergeants
  A scorpion (D:5)
  4 wights
  3 howler monkeys
  3 hounds
  A gnoll bouda (D:5)
  9 orc priests
  3 iguanas
  Natasha (thrice) (D:3)
  8 orc wizards
  Robin (D:3)
  20 gnolls
  11 adders
  A shadow imp (D:7)
  3 white imps
  3 dart slugs
  4 ribbon worms (D:2)
  47 orcs
  2 bats
  7 endoplasms
  3 giant cockroaches
  13 goblins
  8 hobgoblins
  9 jackals (D:2)
  4 quokkas
  2 ball pythons
  2 frilled lizards
  11 kobolds
  3 rats
220 creatures vanquished.

Notes
Turn   | Place    | Note
-------+----------+-------------------------------------------
     0 | D:1      | Hottabushka the Minotaur Berserker began the quest for the
                  | Orb.
     0 | D:1      | Reached XP level 1. HP: 19/19 MP: 0/0
   186 | D:1      | Found a faded altar of an unknown god.
   430 | D:1      | Reached XP level 2. HP: 27/27 MP: 1/1
  1120 | D:2      | Reached skill level 1 in Shields
  1276 | D:2      | Reached XP level 3. HP: 14/33 MP: 2/2
  1453 | D:2      | Reached XP level 4. HP: 40/40 MP: 3/3
  1471 | D:2      | Reached ** piety under Trog
  1785 | D:2      | Noticed Sigmund
  1801 | D:2      | Killed Sigmund
  1802 | D:2      | Reached XP level 5. HP: 47/47 MP: 4/4
  1931 | D:2      | Reached XP level 6. HP: 51/55 MP: 5/5
  2153 | D:3      | Reached skill level 5 in Fighting
  2153 | D:3      | Reached skill level 1 in Polearms
  2230 | D:3      | Noticed Robin
  2254 | D:3      | Killed Robin
  2259 | D:3      | Noticed Natasha
  2263 | D:3      | Killed Natasha
  2288 | D:3      | Found a radiant altar of Vehumet.
  2326 | D:3      | Found a glowing golden altar of the Shining One.
  2328 | D:3      | Found a stormy altar of Qazlal.
  2356 | D:3      | Noticed Natasha
  2363 | D:3      | Killed Natasha
  2372 | D:3      | Reached *** piety under Trog
  2576 | D:3      | Noticed Natasha
  2583 | D:3      | Killed Natasha
  2654 | D:4      | Reached skill level 5 in Maces & Flails
  2704 | D:4      | Reached XP level 7. HP: 47/61 MP: 6/6
  2864 | D:4      | Found Ickeul's Vocational Training.
  3381 | D:5      | Entered Level 5 of the Dungeon
  3483 | D:5      | Reached skill level 5 in Armour
  3951 | D:5      | Reached XP level 8. HP: 70/70 MP: 7/7
  3974 | D:5      | Reached skill level 5 in Dodging
  4068 | D:5      | Found Tuj Qudo's Assorted Antiques.
  4320 | D:6      | Reached **** piety under Trog
  4322 | D:6      | Reached skill level 5 in Shields
  5112 | D:6      | Found a staircase to the Ecumenical Temple.
  5451 | D:5      | Bought a scorched cloak for 275 gold pieces
  5451 | D:5      | Identified the +1 cloak "Xafyrphue" {+Inv rPois rCorr
                  | Str+2} (You bought it in a shop on level 5 of the Dungeon)
  5653 | D:7      | Reached XP level 9. HP: 79/79 MP: 8/8
  5653 | D:7      | Noticed a komodo dragon
  5659 | D:7      | Killed a komodo dragon
  5747 | D:7      | Reached skill level 1 in Evocations
  6303 | D:7      | Noticed Prince Ribbit
  6313 | D:7      | Killed Prince Ribbit
  6770 | D:8      | Found a flagged portal.
  6808 | Bailey   | Entered a bailey
  7690 | D:9      | Identified the +6 flail of the Battered Beasts {protect,
                  | Fly rN+ Will- Str+4}
  7787 | D:9      | Noticed Harold
  7796 | D:9      | Killed Harold
  7797 | D:9      | Reached XP level 10. HP: 81/90 MP: 9/9
  8157 | D:10     | Entered Level 10 of the Dungeon
  8161 | D:10     | Noticed a two-headed ogre
  8161 | D:10     | Noticed an ogre mage
  8172 | D:10     | Killed an ogre mage
  8173 | D:10     | Reached skill level 5 in Evocations
  8175 | D:10     | Killed a two-headed ogre
  8370 | D:10     | Found a staircase to the Orcish Mines.
  8426 | D:10     | Noticed a two-headed ogre
  8445 | D:10     | Killed a two-headed ogre
  8470 | D:10     | HP: 4/91 [yak (7)]
  8471 | D:10     | Slain by a wolf

Illustrated notes

Levels and vault maps discovered:
D:1:      lightli_arrival_windingriver, layout_basic,
          hellmonk_ecumenical_altar_crossroads
D:2:      layout_loops_cross, uniq_sigmund
D:3:      layout_basic, nicolae_overflow_hidden_temple, uniq_robin, uniq_natasha
D:4:      layout_loops_ring, nicolae_kite_square_tiling_tiny,
          nicolae_shop_vocational
D:5:      layout_basic, nicolae_stop_n_shop_1
D:6:      layout_loops_cross, minmay_temple_entry_from_below_b,
          grunt_ministairs_4, nicolae_figureground_sparkle
D:7:      layout_basic, serial_demonic, serial_demonic_b, serial_demonic_d,
          serial_demonic_c, serial_demonic_g, chequers_serial_rivers_micro_d,
          uniq_prince_ribbit1
D:8:      wander_river, layout_loops_cross, enter_bailey_1, patterned_corridor
D:9:      layout_loops_ring, uniq_harold
D:10:     layout_long_grid, erik_lair_island, hiddenorc2_lemuel,
          hangedman_feature_mirror, st_stairs_3, amethyst_killhole,
          minmay_pinched_square

Skill      XL: |  1  2  3  4  5  6  7  8  9 10 |
---------------+-------------------------------+-----
Shields        | 1 2 3 4 5 6 |  6.9
Fighting       | 4 5 6 7 8 9 |  9.3
Maces & Flails | 4 5 7 8 9 |  9.1
Armour         | 3 4 5 7 8 |  8.9
Dodging        | 3 4 6 7 8 |  8.0
Polearms       | 1 |  1.4
Evocations     | 4 5 |  5.4

Action                     |  1- 3 |  4- 6 |  7- 9 | 10-12 || total
---------------------------+-------+-------+-------+-------++-------
  Melee: Mace              |    56 |    26 |       |       ||    82
         Headbutt          |    10 |    14 |    46 |     8 ||    78
         Halberd           |       |    38 |       |       ||    38
         Club              |       |    25 |   212 |       ||   237
         Punch             |       |     2 |     3 |       ||     5
         Flail             |       |       |    13 |    57 ||    70
 Invoke: Berserk           |       |     3 |    12 |     2 ||    17
    Use: Scroll            |       |     3 |     3 |       ||     6
         Potion            |       |       |     1 |       ||     1
 Armour: Chain mail        |    35 |    86 |   207 |    72 ||   400
  Dodge: Dodged            |    20 |    51 |   121 |    56 ||   248
